 Dungeon Crawl Stone Soup version 0.30-a0-824-g6c64550be9 (webtiles) character file.

Game seed: 1245528986763936855

1219 Valamore the Basher (level 8, -5/71 HPs)
             Began as a Minotaur Brigand on Feb 28, 2023.
             Was a Follower of Qazlal.
             Killed from afar by a steam dragon (12 damage)
             ... with a ball of steam
             ... on level 6 of the Dungeon.
             The game lasted 00:06:21 (5316 turns).

Valamore the Basher (Minotaur Brigand)              Turns: 5316, Time: 00:06:22

Health: -5/71      AC:  7    Str: 19    XL:     8   Next: 23%
Magic:  7/7        EV: 10    Int:  8    God:    Qazlal [*.....]
Gold:   159        SH:  1    Dex: 11    Spells: 7/7 levels left

rFire   . . .      SeeInvis .    y - +2 morningstar (venom)
rCold   . . .      Faith    .    (no shield)
rNeg    + . .      Spirit   .    g - +0 ring mail
rPois   .          Reflect  .    (helmet restricted)
rElec   .          Harm     .    c - +0 cloak
rCorr   .          Rampage  .    s - +0 pair of gloves
Will    .....                    (no boots)
Stlth   +                        (no amulet)
HPRegen 0.31/turn                m - ring of positive energy
MPRegen 0.10/turn                (no ring)

@: no status effects
A: horns 2, retaliatory headbutt
a: Renounce Religion


You were on level 6 of the Dungeon.
You worshipped Qazlal.
Qazlal was aware of your devotion.
You visited 2 branches of the dungeon, and saw 7 of its levels.

You collected 299 gold pieces.
You spent 140 gold pieces at shops.

Inventory:

Hand Weapons
 a - a +2 dagger
 k - a +0 short sword
 q - a +0 mace
 y - a +2 morningstar of venom (weapon)
Missiles
 d - 26 poisoned darts (quivered)
 e - 3 curare-tipped darts
 f - 3 boomerangs
Armour
 b - a +0 robe
 c - a +0 cloak (worn)
 g - a +0 ring mail (worn)
 s - a +0 pair of gloves (worn)
Jewellery
 m - a ring of positive energy (left hand)
Wands
 z - a wand of polymorph (5)
Scrolls
 h - 3 scrolls of immolation {unknown}
 j - 2 scrolls of blinking {unknown}
 n - 3 scrolls of identify
 o - a scroll of torment {unknown}
 p - a scroll of summoning {unknown}
 t - 7 scrolls of teleportation
 u - a scroll of noise {unknown}
 v - a scroll of silence {unknown}
 x - a scroll of vulnerability {unknown}
 B - a scroll of magic mapping {unknown}
Potions
 i - 2 potions of attraction {unknown}
 l - 2 potions of magic {unknown}
 r - 2 potions of berserk rage {unknown}
 w - 2 potions of resistance {unknown}
 A - a potion of curing


   Skills:
 + Level 6.5 Fighting
 - Level 2.1 Short Blades
 + Level 10.0 Maces & Flails
 - Level 2.0 Throwing
 - Level 1.1 Dodging
 - Level 3.2 Stealth


You had 7 spell levels left.
You didn't know any spells.
Your spell library contained the following spells:

 Spells                   Type           Power      Damage    Failure   Level
 Sandblast                Erth           0%         2d4       58%         1
 Passwall                 Tmut/Erth      0%         N/A       75%         2
 Dazzling Flash           Conj/Hex       0%         N/A       92%         3
 Portal Projectile        Hex/Tloc       0%         N/A       92%         3
 Stone Arrow              Conj/Erth      0%         3d7       92%         3
 Tukima's Dance           Hex            0%         N/A       92%         3
 Iskenderun's Mystic Bla  Conj/Tloc      0%         2d3       100%        4
 Blade Hands              Tmut           0%         N/A       100%        5
 Starburst                Conj/Fire      0%         6d3       100%        6


Dungeon Overview and Level Annotations

Branches:
Dungeon (6/15)             Temple (1/1) D:4

Altars:
Ashenzari
Cheibriados
Elyvilon
Fedhas
Gozag
Makhleb
Nemelex Xobeh
Qazlal
Sif Muna
Trog
Uskayaw
Zin

Shops:
D:1 :   D:5 ([((

Annotations:
D:4 3 runed translucent doors, tarna41's ghost, amateur SpCj
D:5 2 runed translucent doors


Innate Abilities, Weirdness & Mutations

You have a pair of horns on your head.
You reflexively headbutt those who attack you in melee.


Message History

The ogre looks even sicker.
The ogre is lightly wounded.
Throw: 27 darts (poison)
Press: ? - help, Q - select action, (/) - cycle Shift-Dir - straight line, f/p - ogre
Aim: an ogre, wielding a +0 giant club (lightly wounded, very poisoned, 75% to hit)
You throw a poisoned dart. The poisoned dart hits the ogre.
The ogre looks even sicker.
The ogre is lightly wounded.
You hit the ogre.
The ogre looks as sick as possible!
You headbutt the ogre, but do no damage.
The ogre is lightly wounded.
The ogre hits you with a +0 giant club!!
The steam dragon bites you but does no damage.
The steam dragon claws you.
You hit the ogre.
The ogre looks as sick as possible!
The ogre is lightly wounded.
The steam dragon barely misses you. You furiously retaliate!
You headbutt the steam dragon. The steam dragon closely misses you.
The ogre closely misses you.
You hit the ogre.
The ogre looks as sick as possible!
The ogre is moderately wounded.
The steam dragon bites you. You block the steam dragon's attack.
You barely miss the ogre.
The ogre is moderately wounded.
The ogre barely misses you. You furiously retaliate!
You headbutt the ogre! The steam dragon bites you.
The steam dragon claws you but does no damage.
You hit the ogre but do no damage.
The ogre looks as sick as possible!
You headbutt the ogre.
The ogre is almost dead.
The steam dragon bites you but does no damage.
The steam dragon claws you.
The ogre hits you with a +0 giant club!!
* * * LOW HITPOINT WARNING * * *
You puncture the ogre!
You kill the ogre!
Qazlal accepts your kill. The steam dragon breathes steam at you.
The ball of steam hits you!
You die...

####.# #.#.#######.#.#...#
..#..### #.................######
........ #.#.....(.....#........#
.....# ###.#.#.#.......#.........
.....###...........#..........#.#
.......#.#.....#...#...##.###.#.#
#......#.#.........#.......##.#.#
###....#.#.#####...#....#.......#
#.........#....@..#....#..##....
##''####.#<#.##.)D##.##.#[##.####
.......###.# ##.(.#...#####...###
........##.# ...(...#.......#..##
.........### ..(..#...#####...#..
..........##.##.####.## ##.####
...........##... #.# #.# #
)...........#.(. #.# #.# #
♣≈≈≈≈♣......# #.# #.# #


You could see a steam dragon (catching breath).

Vanquished Creatures
  A water moccasin (D:4)
  A black bear (D:5)
  3 ogres (D:6)
  A kobold brigand (D:6)
  2 scorpions (D:5)
  4 hounds
  A gnoll bouda (D:4)
  A jelly (D:5)
  3 orc priests
  6 iguanas
  An orc wizard (D:3)
  6 gnolls
  7 adders
  An ufetubus (D:4)
  4 dart slugs
  9 orcs
  2 endoplasms
  10 giant cockroaches
  6 hobgoblins
  5 jackals
  12 kobolds
  2 quokkas (D:4)
  6 ball pythons
  5 bats
  3 frilled lizards
  4 goblins
  5 rats
111 creatures vanquished.

Vanquished Creatures (others)
  A quokka (D:5)
1 creature vanquished.

Grand Total: 112 creatures vanquished

Notes
Turn   | Place    | Note
-------+----------+-------------------------------------------
     0 | D:1      | Valamore the Minotaur Brigand began the quest for the Orb.
     0 | D:1      | Reached XP level 1. HP: 18/18 MP: 0/0
   106 | D:1      | Found Jaros's Book Emporium.
   326 | D:1      | Found a faded altar of an unknown god.
   348 | D:1      | Reached XP level 2. HP: 26/26 MP: 1/1
   802 | D:2      | Reached XP level 3. HP: 22/34 MP: 2/2
  1227 | D:2      | Reached skill level 5 in Fighting
  1484 | D:2      | Reached XP level 4. HP: 23/42 MP: 3/3
  1976 | D:3      | Reached skill level 1 in Maces & Flails
  1986 | D:3      | Reached skill level 2 in Maces & Flails
  1986 | D:3      | Reached XP level 5. HP: 8/50 MP: 4/4
  2774 | D:4      | Found a staircase to the Ecumenical Temple.
  2801 | D:4      | Reached skill level 3 in Maces & Flails
  2815 | Temple   | Entered the Ecumenical Temple
  2836 | Temple   | Became a worshipper of Qazlal Stormbringer
  2947 | D:4      | Reached XP level 6. HP: 57/58 MP: 5/5
  3036 | D:4      | Reached skill level 4 in Maces & Flails
  3415 | D:4      | Found a runed translucent gate.
  3416 | D:4      | Found a runed translucent gate.
  3417 | D:4      | Found a runed translucent gate.
  3418 | D:4      | Identified the +2 plate armour of the Original Sin {Harm
                  | rN+}
  3418 | D:4      | Noticed an orc warrior
  3419 | D:4      | Identified the +10 chain mail "Zyigetaf" {rC- Dex+5 Stlth+}
  3423 | D:4      | Noticed tarna41's ghost (amateur SpCj)
  3768 | D:5      | Entered Level 5 of the Dungeon
  3768 | D:5      | Found Koesyppe's Antique Armour Emporium.
  3776 | D:4      | Reached skill level 5 in Maces & Flails
  3937 | D:5      | Found Deklis's Weapon Boutique.
  3948 | D:5      | Noticed a water moccasin
  3956 | D:4      | Killed a water moccasin
  3957 | D:4      | Reached skill level 6 in Maces & Flails
  3957 | D:4      | Reached XP level 7. HP: 53/64 MP: 6/6
  4102 | D:5      | Reached skill level 7 in Maces & Flails
  4248 | D:5      | Found Dineq's Weapon Shoppe.
  4371 | D:5      | Found a broken altar of Ashenzari.
  4426 | D:5      | Reached skill level 8 in Maces & Flails
  4441 | D:5      | Found Ziustrocs's Antique Weapon Boutique.
  4450 | D:5      | Bought a glowing morningstar for 140 gold pieces
  4456 | D:5      | Found a white marble altar of Elyvilon.
  4558 | D:5      | Found a runed translucent door.
  4559 | D:5      | Noticed a vampire mosquito
  4559 | D:5      | Noticed a vampire mosquito
  4575 | D:5      | Found a runed translucent door.
  4933 | D:6      | Reached skill level 9 in Maces & Flails
  4992 | D:6      | Reached XP level 8. HP: 71/71 MP: 7/7
  5134 | D:6      | Reached skill level 10 in Maces & Flails
  5135 | D:6      | Reached * piety under Qazlal
  5316 | D:6      | Killed from afar by a steam dragon

Illustrated notes

Levels and vault maps discovered:
D:1:      spicycebolla_arrival_clurvy, layout_basic,
          shapermc_ecumenical_altar_mp_vishouse, serial_shops,
          nicolae_diamond_shop
D:2:      minmay_roachtagon, layout_basic, minmay_tripent
D:3:      layout_basic, st_stairs_6
D:4:      layout_layer_cave, minmay_temple_entry_statues_fountains,
          serial_glass, glass_columns_b, glass_columns_a,
          biasface_ghost_orc_armoury
D:5:      lemuel_insect_pit, layout_cave_pools, elyvilon_altar_4,
          ashenzari_conservatory_becter, serial_shops, shop_statue, shop, shop,
          nicolae_shop_statue_plus
D:6:      layout_basic, serial_shops, shop, kennysheep_big_empty_room,
          minmay_misc_feat_tower
Temple:   hellmonk_temple_micro_hex

Skill      XL: |  1  2  3  4  5  6  7  8 |
---------------+-------------------------+-----
Fighting       | 3 4 5 6 |  6.5
Maces & Flails | 2 3 6 9 10 | 10.0
Short Blades   | |  2.1
Throwing       | |  2.0
Dodging        | |  1.1
Stealth        | |  3.2

Action                     |  1- 3 |  4- 6 |  7- 9 || total
---------------------------+-------+-------+-------++-------
  Melee: Dagger            |   107 |    13 |       ||   120
         Headbutt          |    13 |    13 |    17 ||    43
         Punch             |     1 |       |       ||     1
         Mace              |       |    91 |    32 ||   123
         Short sword       |       |     4 |       ||     4
         Morningstar       |       |       |    55 ||    55
  Throw: Dart              |       |     3 |    21 ||    24
    Use: Scroll            |       |     2 |       ||     2
         Potion            |       |     2 |       ||     2
   Stab: Sleeping          |     1 |     2 |       ||     3
 Armour: Ring mail         |    61 |    55 |    30 ||   146
         Robe              |     1 |       |       ||     1
  Dodge: Dodged            |    68 |    64 |    41 ||   173
  Block: Other             |       |       |     1 ||     1

Table legend: (Time is in decaauts)
 A = Elapsed time spent in this place.
 B = Non-inter-level travel time spent in this place.
 C = Inter-level travel time spent in this place.
 D = Time resting spent in this place.
 E = Time spent auto-exploring this place.
 F = Levels seen in this place.
 G = Mean time per level.
                   A        B        C        D        E       F      G
               +--------+--------+--------+--------+--------+-----+--------+
         Total |   5326 |   4953 |    373 |    398 |   3678 |   7 |  760.9 |
       Dungeon |   5299 |   4930 |    369 |    398 |   3662 |   6 |  883.2 |
        Temple |     26 |     22 |      4 |      0 |     16 |   1 |   26.0 |
               +--------+--------+--------+--------+--------+-----+--------+

Top non-repeatable levels by time:
     D:4: 1409 daAuts
     D:2: 1025 daAuts
     D:3: 948 daAuts
     D:1: 777 daAuts
     D:5: 622 daAuts
     D:6: 516 daAuts
  Temple: 26 daAuts
